AoeStats
← Go long Nvidia

Pilgrims

509894844Analyzed
2v2 RM · 5d ago on Sep 28, 2026· 82m 53s· 4 players
Game mode
Random Map
Map size
Medium (4 player)
Population
200
Speed
Normal
Resources
Standard
Victory
Conquest
Starting age
Dark Age
Ending age
Imperial Age
RankedLock teamsTeams togetherTeam positionsShared explorationLock speedFull tech treeHidden civsTurbo modeCheats
Victory
Defeat
🇺🇸 Burgundians · United States
656
+13
🇨🇳 Varangians · China
474
+21
🇬🇧 Georgians · United Kingdom
620
-18
🇨🇱 Turks · Chile
565
-16
Nova_Kovic
15:48 Feudal Age
16:20 Fishing Lines
17:32 Double-Bit Axe
17:30 Horse Collar
18:38 Loom
20:34 Fletching
23:04 Wheelbarrow
22:24 Gold Mining
26:05 Castle Age
26:27 Stone Mining
27:10 Bow Saw
27:03 Heavy Plow
27:43 Stone Shaft Mining
27:48 Hand Cart
29:05 Bodkin Arrow
30:54 Treadmill Crane
32:04 Ballistics
31:59 Scale Barding Armor
32:05 Forging
31:57 Scale Mail Armor
31:59 Padded Archer Armor
32:01 Guard Tower
35:17 Svan Towers
38:08 Chain Barding Armor
38:24 Iron Casting
38:05 Chain Mail Armor
38:04 Masonry
37:50 Murder Holes
38:18 Town Watch
41:52 Bloodlines
41:47 Husbandry
41:09 Light Cavalry
44:32 Pikeman
45:13 Squires
45:01 Arson
47:32 Elite Skirmisher
54:02 Imperial Age
57:20 Keep
56:31 Arrowslits
57:47 Chemistry
57:18 Architecture
56:55 Siege Engineers
56:54 Bracer
57:29 Plate Barding Armor
57:55 Blast Furnace
57:26 Plate Mail Armor
57:12 Leather Archer Armor
57:20 Conscription
57:06 Aznauri Cavalry
58:14 Crop Rotation
57:42 Herbal Medicine
58:26 Hoardings
58:10 Guilds
60:04 Hussar
60:07 Cavalier
60:53 Heavy Scorpion
62:07 Halberdier
JJCC
14:19 Feudal Age
17:39 Wheelbarrow
16:44 Man-at-Arms
17:18 Gold Mining
21:05 Fishing Lines
24:28 Castle Age
26:42 Horse Collar
30:15 Hand Cart
32:02 Long Swordsman
40:40 Imperial Age
42:28 Gold Shaft Mining
41:58 Heavy Plow
43:24 Scale Barding Armor
43:30 Forging
43:21 Scale Mail Armor
61:10 Ballistics
66:17 Elite Janissary
Cpt. Awesome
4:23 Fishing Lines
5:09 Loom
7:24 Wheelbarrow
6:38 Double-Bit Axe
10:29 Stone Mining
12:58 Gold Mining
14:04 Horse Collar
17:31 Feudal Age
18:23 Bow Saw
18:53 Stone Shaft Mining
18:55 Gold Shaft Mining
18:14 Gillnets
18:28 Man-at-Arms
18:54 Arson
20:17 Hand Cart
19:48 Town Watch
20:56 Scale Mail Armor
21:07 Forging
20:47 Fletching
23:06 Heavy Plow
26:27 Castle Age
28:15 Two-Man Saw
27:19 Town Patrol
27:32 Medium Warships
27:51 Husbandry
27:57 Squires
28:02 Padded Archer Armor
28:03 Pikeman
28:06 Cavalier
28:19 Elite Skirmisher
30:01 Light Cavalry
30:51 Scale Barding Armor
30:12 Long Swordsman
31:43 Crop Rotation
31:43 Chain Mail Armor
32:44 Clinker Construction
32:16 Treadmill Crane
32:57 Ballistics
32:34 Murder Holes
32:06 Crossbowman
36:07 Iron Casting
37:59 Bodkin Arrow
41:57 Imperial Age
42:46 Leather Archer Armor
44:13 Conscription
44:30 Hoardings
43:49 Capped Ram
45:17 Halberdier
47:43 Paladin
50:05 Fervor
51:06 Bracer
55:32 Sanctity
55:32 Burgundian Vineyards
57:44 Caravan
58:33 Chain Barding Armor
58:46 Plate Mail Armor
61:11 Blast Furnace
62:34 Chain Barding Armor
63:38 Heavy Warships
63:47 Coinage
64:16 Elite Coustillier
66:47 Onager
70:00 Hussar
77:14 Banking
76:55 Guilds
77:34 Carvel Hull
77:24 Careening
78:26 Chemistry
77:32 Siphons
77:40 Masonry
77:19 Arrowslits
77:25 Guard Tower
77:23 Two-Handed Swordsman
81:28 Redemption
81:43 Illumination
81:34 Block Printing
81:36 Redemption
81:52 Illumination
80:54 Elite Cannon Galleon
83:44 Plate Barding Armor
83:41 Incendiaries
84:03 Architecture
Go long Nvidia
10:09 Feudal Age
10:58 Double-Bit Axe
11:15 Loom
11:54 Town Watch
15:53 Fishing Lines
21:07 Castle Age
22:37 Horse Collar
23:13 Gillnets
25:05 Bow Saw
25:09 Scale Mail Armor
25:17 Scale Barding Armor
26:15 Wheelbarrow
26:54 Light Cavalry
27:38 Husbandry
28:23 Medium Warships
29:03 Town Patrol
29:02 Gold Mining
30:11 Clinker Construction
36:06 Imperial Age
33:56 Heavy Plow
37:15 Forging
38:33 Iron Casting
39:07 Conscription
39:08 Hand Cart
38:56 Treadmill Crane
40:31 Cavalier
41:49 Bloodlines
46:19 Blast Furnace
45:20 Scale Mail Armor
45:41 Chain Barding Armor
44:56 Vendel Legacy
45:00 Elite Jarl
45:34 Hussar
53:55 Man-at-Arms
54:37 Squires
55:10 Crop Rotation
55:25 Vendel Legacy
57:03 Elite Varangian Guard
62:29 Chain Mail Armor
62:09 Stone Mining
70:14 Gambesons
69:55 Long Swordsman
69:56 Pikeman
71:02 Gothikon
72:11 Halberdier
72:13 Two-Handed Swordsman
Connection lost

Rejoining the realm…

Still unreachable

The connection could not be restored.

Session expired

The server has moved on; the page needs a fresh start.